AoeStats
← cargoyle

Arena

510423504Analyzed
1v1 RM · 16h ago on Sep 30, 2026· 28m 50s· 2 players
Game mode
Random Map
Map size
Tiny (2 player)
Population
200
Speed
Normal
Resources
Standard
Victory
Conquest
Starting age
Dark Age
Ending age
Imperial Age
RankedLock teamsTeams togetherTeam positionsShared explorationLock speedFull tech treeHidden civsTurbo modeCheats
Victory
Defeat
🇨🇦 Varangians · Canada
711
+15
🇺🇸 Malay · United States
697
-15
RichJupiter7923
3:14 Loom
14:41 Feudal Age
17:59 Castle Age
20:43 Wheelbarrow
20:02 Double-Bit Axe
20:31 Husbandry
20:40 Arson
21:31 Horse Collar
cargoyle
5:54 Loom
12:29 Feudal Age
17:31 Castle Age
16:01 Double-Bit Axe
16:27 Horse Collar
17:42 Gold Mining
18:23 Scale Mail Armor
21:56 Wheelbarrow
25:19 Pikeman
Connection lost

Rejoining the realm…

Still unreachable

The connection could not be restored.

Session expired

The server has moved on; the page needs a fresh start.